 Dungeon Crawl Stone Soup version 0.22-a0-469-gf26638a (webtiles) character file.

10649 Amnesiac the Evocator (level 11, 0/48 HPs)
             Began as a Spriggan Artificer on June 13, 2018.
             Was an Initiate of Gozag.
             Slain by a yak (16 damage)
             ... on level 10 of the Dungeon.
             The game lasted 00:30:41 (15617 turns).

Amnesiac the Evocator (Spriggan Artificer)         Turns: 15617, Time: 00:30:41

Health: 0/48       AC:  7    Str: 11    XL:     11   Next: 39%
Magic:  35/35      EV: 18    Int: 15    God:    Gozag
Gold:   2265       SH:  0    Dex: 18    Spells: 10/10 levels left

rFire    + . .     SeeInvis +   g - +4 short sword (venom)
rCold    + . .     Gourm    .   (shield restricted)
rNeg     . . .     Faith    .   H - +2 robe {rC+ rF+}
rPois    .         Spirit   .   (helmet restricted)
rElec    .         Reflect  .   l - +2 cloak
rCorr    .         Harm     .   (gloves unavailable)
MR       +++..                  (boots unavailable)
Stlth    ++........             r - amulet of rage
HPRegen  0.16/turn              j - ring of magical power
MPRegen  0.24/turn              L - ring of the Mage {Wiz MR++ Int+3}

@: gold aura, very quick
A: very small, unfitting armour, see invisible, herbivore, speed 3, slow
metabolism 2
a: Potion Petition, Call Merchant, Bribe Branch, Renounce Religion, Evoke
Berserk Rage


You were on level 10 of the Dungeon.
You worshipped Gozag.
Gozag was most pleased with you.
You were not hungry.

You visited 2 branches of the dungeon, and saw 11 of its levels.

You collected 2421 gold pieces.
You spent 33 gold pieces at shops.
You paid 123 gold pieces to Gozag.

Inventory:

Hand Weapons
 g - a +4 short sword of venom (weapon)
 M - a +1 falchion of flaming
Armour
 l - a +2 cloak (worn)
 H - a +2 robe of resistance (worn)
Magical Staves
 G - an uncursed staff of fire
Jewellery
 j - a ring of magical power (left hand)
 k - a +1 ring of evasion
 q - an uncursed amulet of magic regeneration
 r - an amulet of rage (around neck)
 L - the ring of the Mage (right hand) {Wiz MR++ Int+3}
   (You found it on level 8 of the Dungeon)

   [ring of wizardry]

   It improves your spell success rate.
   It affects your intelligence (+3).
   It affects your resistance to hostile enchantments.
Wands
 c - a wand of flame (4)
 d - a wand of enslavement (10)
 J - a wand of digging (33)
Scrolls
 i - 2 scrolls of teleportation {!r}
 m - a scroll of magic mapping {!r}
 t - a scroll of blinking {!r}
 K - a scroll of remove curse {!r}
Potions
 e - a potion of brilliance {!q}
 h - 3 potions of curing {!q}
 n - 3 potions of haste {!q}
 p - 2 potions of agility {!q}
 u - a potion of flight {!q}
 w - 3 potions of lignification {!q}
 z - a potion of berserk rage {!q}
 B - a potion of invisibility {!q}
 D - 2 potions of mutation {!q}
 F - a potion of might {!q}
 I - a potion of cancellation {!q}
Miscellaneous
 A - a box of beasts
Comestibles
 f - 16 rations


   Skills:
 - Level 0.7 Fighting
 - Level 1.1 Short Blades
 - Level 3.0 Dodging
 - Level 1.5 Stealth
 + Level 21.1 Evocations


You had 10 spell levels left.
You didn't know any spells.
Your spell library contained the following spells:

 Spells                   Type           Power        Failure   Level  Hunger
 Regeneration             Chrm/Necr      #.........   32%         3    ####...
 Shroud of Golubria       Chrm/Tloc      #.........   16%         2    ###....
 Infusion                 Chrm           #...         11%         1    ##.....
 Song of Slaying          Chrm           #.......     16%         2    ###....
 Spectral Weapon          Hex/Chrm       #.......     32%         3    ####...


Dungeon Overview and Level Annotations

Branches:
Dungeon (10/15)            Temple (1/1) D:7            Lair (0/6) D:10
    Orc (0/2) D:9

Altars:
Ashenzari
Cheibriados
Elyvilon
Fedhas
Gozag
Hepliaklqana
Kikubaaqudgha
Makhleb
Okawaru
Ru
Trog
Uskayaw
Vehumet
Xom
Zin
The Shining One

Shops:
D:10 *

Annotations:
D:10 Grum


Innate Abilities, Weirdness & Mutations

You are very small and have problems with some larger weapons.
You are too small for most types of armour.
You have supernaturally acute eyesight. (SInv)
You are a herbivore.
You cover ground extremely quickly.
You need to consume almost no food.


Message History

You hit the yak.
The yak looks as sick as possible!
The yak is severely wounded.
The yak closely misses you.
A yak comes into view.
You hit the yak.
The yak is almost dead.
You kill the yak!
A yak comes into view. x2
A yak comes into view.
The yak bellows!
You see here 21 gold pieces.
Evoke which item? (* to show all) (? for menu, Esc to quit)
Okay, then.
Evoke which item? (* to show all) (? for menu, Esc to quit)
Aiming: Random Effects
Press: ? - help, Shift-Dir - straight line, f - yak
Aim: a yak The yak looks slightly unstable.
The now-empty wand crumbles to dust.
You feel less vulnerable to hostile enchantments.
The yak disappears!
You swing at nothing.
You swing at nothing.
You swing at nothing.
You puncture the yak!
The yak is lightly wounded.
The yak completely misses you.
You puncture the yak!
The yak is poisoned.
The yak is moderately wounded.
The yak gores you.
You barely miss the yak.
The yak is moderately wounded.
You hit the yak.
The yak looks as sick as possible!
The yak is heavily wounded.
The yak gores you!
* * * LOW HITPOINT WARNING * * *
Evoke which item? (* to show all) (? for menu, Esc to quit)
Okay, then.
Evoke which item? (* to show all) (? for menu, Esc to quit)
Aiming: Enslavement
Press: ? - help, Shift-Dir - straight line, f - yak
Aim: a yak (chance to defeat MR: 84%)
The yak is charmed.
The yak dies!
Evoke which item? (* to show all) (? for menu, Esc to quit)
Aiming: Enslavement
Press: ? - help, Shift-Dir - straight line, f - yak, p - yak
Aim: a yak (chance to defeat MR: 84%)
The yak barely resists.
The yak is distracted by the nearby gold.
You swing at nothing.
You completely miss the yak. The yak gores you!
* * * LOW HITPOINT WARNING * * *
You hit the yak.
The yak is poisoned.
The yak is lightly wounded.
The yak is no longer distracted by gold.
The yak misses you.
You hit the yak.
The yak looks as sick as possible!
The yak is heavily wounded.
The yak completely misses you.
You completely miss the yak.
The yak is heavily wounded.
The yak gores your yak! The yak gores you!
You die...
Your body crumbles into a pile of gold.

...####............#
....## ... ..##
#...####....## ....##...
.## #..## #....# .......#
.# #..# ##...# #......# .#
#..# #...# ##$...>.. .##
#..# #..## #........ #.#
#..# #..# ##.###.... #.#
##..# ###..# #..# ..#
#.####...####...@## ##.##
..# #.............##.Y##
##.Y# ##.##
#..####..#...####.Y###YY##
#..#. ...# #..#...#
##.Y##..# ##.... ##..
#..#..## ##.$...# #.....
#..# ##.#..#
#...∩#####....# ##..
#....# ##...........## ..#
#.....# ####.......###..##
... #.....>##....##....#
##...


You could see 2 yaks and a friendly yak.

Vanquished Creatures
  Fannar (D:10)
  A hydra (D:8)
  An unseen horror (D:9)
  A skeletal warrior (D:9)
  A slime creature (D:9)
  Grinder (D:4)
  A troll (D:10)
  3 hippogriffs
  The ghost of Slunt the Cutter, an amateur HaAs of Nemelex Xobeh (D:3)
  2 dream sheep (D:8)
  A wyvern (D:9)
  9 yaks
  2 basilisks (D:10)
  Edmund (D:4)
  A water moccasin (D:7)
  2 porcupines (D:10)
  A black bear (D:8)
  3 ice beasts
  An orc warrior (D:10)
  2 phantoms
  A sky beast (D:9)
  2 ogres
  2 wolves (D:10)
  3 centaurs
  2 crocodiles
  4 big kobolds
  A gnoll sergeant (D:6)
  6 bullfrogs
  A wyvern zombie (D:7)
  A scorpion (D:10)
  5 killer bees
  An electric eel (D:8)
  4 howler monkeys (D:9)
  4 crimson imps
  A bullfrog zombie (D:5)
  5 orc priests
  A bullfrog skeleton (D:5)
  2 hounds (D:10)
  A gnoll shaman (D:6)
  3 jellies
  A centaur skeleton (D:9)
  2 iguanas
  11 orc wizards
  7 worker ants
  A killer bee zombie (D:7)
  2 hound zombies
  Robin (D:3)
  2 worker ant zombies
  13 gnolls
  17 adders
  3 shadow imps
  3 oozes
  3 worms
  2 dart slugs
  6 leopard geckos
  28 orcs
  8 giant cockroaches
  14 goblins
  9 hobgoblins
  12 jackals
  4 quokkas
  A ball python (D:2)
  5 bats
  4 frilled lizards
  A giant cockroach zombie (D:5)
  A jackal skeleton (D:5)
  8 kobolds
  A leopard gecko skeleton (D:7)
  A quokka skeleton (D:6)
  10 rats
  A bush (D:2)
268 creatures vanquished.

Vanquished Creatures (collateral kills)
  A yak (D:10)
  A scorpion (D:4)
  An orc priest (D:7)
  4 orcs (D:7)
7 creatures vanquished.

Vanquished Creatures (others)
  A human (D:6)
  An adder (D:4)
  A bush (D:10)
  2 fungi (D:10)
  15 plants (D:10)
20 creatures vanquished.

Grand Total: 295 creatures vanquished

Notes
Turn   | Place    | Note
-------+----------+-------------------------------------------
     0 | D:1      | Amnesiac the Spriggan Artificer began the quest for the Orb.
     0 | D:1      | Reached XP level 1. HP: 9/9 MP: 4/4
   154 | D:2      | Reached XP level 2. HP: 14/14 MP: 6/6
   517 | D:2      | Reached skill level 5 in Evocations
   609 | D:4      | Reached XP level 3. HP: 10/17 MP: 6/8
   755 | D:4      | Noticed Grinder
   800 | D:4      | Reached skill level 6 in Evocations
   803 | D:4      | Noticed a scorpion
   832 | D:4      | Killed a scorpion
   832 | D:4      | Reached XP level 4. HP: 3/21 MP: 10/10
  1129 | D:4      | Reached skill level 7 in Evocations
  1159 | D:4      | Noticed an ice beast
  1316 | D:4      | Found an opulent altar of Gozag.
  1443 | D:3      | Found a glowing silver altar of Zin.
  1531 | D:3      | Found a bloodstained altar of Trog.
  1585 | D:3      | Noticed Slunt's ghost (amateur HaAs)
  1665 | D:4      | Became a worshipper of Gozag Ym Sagoz the Greedy
  1842 | D:4      | Reached XP level 5. HP: 12/25 MP: 11/11
  2177 | D:4      | Noticed an ogre
  2187 | D:4      | Killed an ogre
  2187 | D:4      | Reached skill level 8 in Evocations
  2562 | D:1      | Reached skill level 9 in Evocations
  2562 | D:1      | Reached XP level 6. HP: 27/29 MP: 13/13
  3185 | D:2      | Found a hazy altar of Hepliaklqana.
  3240 | D:2      | Found an opulent altar of Gozag.
  3519 | D:2      | Reached skill level 10 in Evocations
  3712 | D:3      | Noticed Robin
  3781 | D:3      | Killed Robin
  4159 | D:3      | Killed Slunt's ghost
  4159 | D:3      | Reached skill level 11 in Evocations
  4159 | D:3      | Reached XP level 7. HP: 32/32 MP: 16/16
  4463 | D:4      | Killed Grinder
  4473 | D:4      | Noticed Edmund
  4489 | D:4      | Killed Edmund
  4489 | D:4      | Reached skill level 12 in Evocations
  4598 | D:4      | Found a shattered altar of Ashenzari.
  4598 | D:4      | Found a hide-covered altar of Uskayaw.
  4599 | D:4      | Found an iron altar of Okawaru.
  4764 | D:5      | Entered Level 5 of the Dungeon
  4832 | D:5      | Reached XP level 8. HP: 10/37 MP: 18/18
  5580 | D:5      | Reached skill level 13 in Evocations
  5811 | D:5      | Found a blossoming altar of Fedhas.
  5811 | D:5      | Found a radiant altar of Vehumet.
  5816 | D:5      | Found a snail-covered altar of Cheibriados.
  5818 | D:5      | Found a white marble altar of Elyvilon.
  5820 | D:5      | Found a burning altar of Makhleb.
  6596 | D:6      | Reached skill level 14 in Evocations
  7268 | D:6      | Found a shimmering altar of Xom.
  7314 | D:6      | Found an ancient bone altar of Kikubaaqudgha.
  7609 | D:7      | Noticed a hippogriff
  7640 | D:7      | Killed a hippogriff
  7640 | D:7      | Reached skill level 15 in Evocations
  7640 | D:7      | Reached XP level 9. HP: 12/40 MP: 21/21
  7852 | D:7      | Found a sacrificial altar of Ru.
  8125 | D:7      | Found a staircase to the Ecumenical Temple.
  8146 | D:7      | Found a hide-covered altar of Uskayaw.
  8564 | D:7      | Found a glowing golden altar of the Shining One.
  8732 | D:7      | Reached skill level 16 in Evocations
  9203 | Temple   | Entered the Ecumenical Temple
  9332 | D:8      | You fall through a shaft!
  9344 | D:9      | Noticed an unseen horror
  9368 | D:9      | Killed an unseen horror
  9368 | D:9      | Reached skill level 17 in Evocations
  9807 | D:9      | Noticed a skeletal warrior
  9825 | D:9      | Killed a skeletal warrior
  9825 | D:9      | Reached XP level 10. HP: 17/44 MP: 23/23
  9857 | D:9      | Reached skill level 18 in Evocations
 11409 | D:9      | Found a staircase to the Orcish Mines.
 12027 | D:8      | Found the ring of the Mage {Wiz MR++ Int+3}
 12197 | D:8      | Found a radiant altar of Vehumet.
 12620 | D:8      | Reached skill level 19 in Evocations
 13142 | D:8      | Noticed a three-headed hydra
 13394 | D:8      | Killed a one-headed hydra
 13801 | D:10     | Entered Level 10 of the Dungeon
 13993 | D:10     | Noticed Fannar
 14017 | D:10     | Killed Fannar
 14017 | D:10     | Reached skill level 20 in Evocations
 14017 | D:10     | Reached XP level 11. HP: 43/48 MP: 26/26
 14116 | D:10     | Found a staircase to the Lair.
 14435 | D:10     | HP: 1/48 [orc priest/divine providence (15)]
 14704 | D:10     | Found Noita's General Store.
 14717 | D:10     | Bought a potion of curing for 33 gold pieces
 15232 | D:10     | Noticed Grum
 15434 | D:10     | Reached skill level 21 in Evocations
 15617 | D:10     | Slain by a yak

Vault maps used:
D:1:      lightli_arrival_boilingwater, hangedman_decor_opposing
D:2:      lemuel_round_altar, overflow_temple_1_default, minmay_hedge_maze,
          hangedman_decor_clover_reticule
D:3:      lemuel_doored_altar, zin_treasury, grunt_decor_cap, uniq_robin
D:4:      gammafunk_temple_overflow_claw, corexii_hall_statues_i, st_stairs_11,
          lemuel_tele_altar, uniq_edmund, uniq_grinder
D:5:      chequers_temple_overflow_minitemple, first_ration
D:6:      xom_butterflies, tgw_kikubaaqudgha
D:7:      nicolae_ru_the_path_less_chosen, kennysheep_little_box,
          minmay_temple_entry_hall, basic_altar
D:8:      basic_altar, hangedman_ranch
D:9:      kennysheep_windowed_halls
D:10:     minmay_lair_entry_grove, serial_shops, shop, uniq_grum, uniq_fannar
Temple:   corrupted_temple

Skill      XL: |  1  2  3  4  5  6  7  8  9 10 11 |
---------------+----------------------------------+-----
Evocations     | 5 6 7 9 11 12 15 17 20 21 | 21.1
Fighting       | |  0.7
Short Blades   | |  1.1
Dodging        | |  3.0
Stealth        | |  1.5

Action                   |  1- 3 |  4- 6 |  7- 9 | 10-12 || total
-------------------------+-------+-------+-------+-------++-------
Melee: Short sword       |    36 |   310 |   398 |   355 ||  1099
       Dagger            |       |     2 |       |       ||     2
       Falchion          |       |       |       |     4 ||     4
Invok: Potion Petition   |       |     1 |       |       ||     1
Evoke: Wand              |     2 |    11 |    19 |    45 ||    77
  Use: Scroll            |       |       |    17 |     7 ||    24
       Potion            |       |       |       |     5 ||     5
 Stab: Sleeping          |     8 |     8 |     5 |     1 ||    22
       Distracted        |       |     1 |     3 |     2 ||     6
       Paralysed         |       |     6 |       |    16 ||    22
       Confused          |       |       |       |     1 ||     1
       Invisible         |       |       |       |     1 ||     1
  Eat: Ration            |       |     1 |     3 |     4 ||     8
Armor: Robe              |     1 |    24 |    63 |    44 ||   132
Dodge: Dodged            |    24 |   219 |   275 |   245 ||   763

Table legend:
 A = Spawn XP
 B = Non-spawn XP
 C = Spawn XP percentage of total XP
 D = Spawn monster count
 E = Non-spawn monster count
 F = Spawn count percentage of total count
 G = Total turns spent on level
                    A         B        C        D         E        F      G
               +---------+---------+-------+---------+---------+-------+---------
         Total |       0 |   15214 |   0.0 |       0 |     274 |   0.0 | 15617
               +---------+---------+-------+---------+---------+-------+---------
           D:1 |       0 |      53 |   0.0 |       0 |      17 |   0.0 |   713
           D:2 |       0 |     227 |   0.0 |       0 |      41 |   0.0 |  1276
           D:3 |       0 |     317 |   0.0 |       0 |      21 |   0.0 |  1129
           D:4 |       0 |     823 |   0.0 |       0 |      23 |   0.0 |  1646
           D:5 |       0 |     525 |   0.0 |       0 |      19 |   0.0 |  1259
           D:6 |       0 |     716 |   0.0 |       0 |      25 |   0.0 |  1570
           D:7 |       0 |    1378 |   0.0 |       0 |      30 |   0.0 |  1623
           D:8 |       0 |    2825 |   0.0 |       0 |      24 |   0.0 |  2264
           D:9 |       0 |    3577 |   0.0 |       0 |      30 |   0.0 |  2319
          D:10 |       0 |    4773 |   0.0 |       0 |      44 |   0.0 |  1816
               +---------+---------+-------+---------+---------+-------+---------
